 Dungeon Crawl Stone Soup version 0.29.1-2-gbd0b4ee654 (webtiles) character file.

Game seed: 11475731115615209332

328 DildoBatman the Conjurer (level 6, 0/56 HPs)
             Began as a Formicid Conjurer on Nov 24, 2022.
             Killed from afar by Grinder (14 damage)
             ... with a bolt of light
             ... in a sewer.
             The game lasted 00:11:42 (3591 turns).

DildoBatman the Conjurer (Formicid Conjurer)        Turns: 3591, Time: 00:11:42

Health: 0/56       AC:  3    Str: 11      XL:     6   Next: 80%
Magic:  7/11       EV: 12    Int: 20      God:
Gold:   213        SH:  0    Dex: 11 (12) Spells: 9/12 levels left

rFire   + . .      SeeInvis +   a - +0 sling
rCold   . . .      Faith    .   (no shield)
rNeg    . . .      Spirit   .   e - +0 robe
rPois   .          Reflect  .   (helmet unavailable)
rElec   .          Harm     .   u - scarf {shadows}
rCorr   .          Rampage  .   (no gloves)
Will    .....                   j - +0 pair of boots
Stlth   +.........              (no amulet)
HPRegen 0.18/turn               (no ring)
MPRegen 0.12/turn               (no ring)

@: brilliant, very slow
A: permanent stasis, dig shafts and tunnels, antennae 3, four strong arms, fire
resistance 1, robust 2, noise suppression
a: Dig


You were in a sewer.
You visited 1 branch of the dungeon, and saw 4 of its levels.
You also visited: Sewer.

You collected 213 gold pieces.

Inventory:

Hand Weapons
 a - a +0 sling (weapon)
 b - a +0 falchion
 y - a +0 quarterstaff
Missiles
 h - 32 stones
 A - 4 poisoned darts
Armour
 e - a +0 robe (worn)
 j - a +0 pair of boots (worn)
 u - a scarf of shadows (worn)
Magical Staves
 n - a staff of fire
 s - a staff of cold
Wands
 r - a wand of polymorph (12)
Scrolls
 c - 2 scrolls of teleportation
 k - a scroll of amnesia {unknown}
 l - a scroll of magic mapping {unknown}
 p - a scroll of brand weapon
 t - a scroll of immolation {unknown}
 v - a scroll of enchant weapon {unknown}
 w - a scroll of poison {unknown}
 x - a scroll of enchant armour {unknown}
Potions
 d - 2 potions of haste
 f - a potion of flight {unknown}
 g - a potion of resistance {unknown}
 i - a potion of magic
 m - 3 potions of attraction
 o - a potion of lignification {unknown}


   Skills:
 - Level 3.0 Fighting
 - Level 3.0 Armour
 - Level 2.0 Dodging
 - Level 2.4 Stealth
 * Level 3.8 Spellcasting
 * Level 4.8 Conjurations


You had 9 spell levels left.
You knew the following spells:

 Your Spells              Type           Power      Damage    Failure   Level
a - Searing Ray           Conj           68%        2d6       2%          2
c - Magic Dart            Conj           100%       1d8       1%          1

Your spell library contained the following spells:

 Spells                   Type           Power      Damage    Failure   Level
 Dazzling Flash           Conj/Hex       40%        N/A       14%         3
 Fulminant Prism          Conj/Hex       10%        3d9       43%         4
 Iskenderun's Mystic Bla  Conj/Tloc      20%        2d6       43%         4


Dungeon Overview and Level Annotations

Branches:
Dungeon (4/15)              Sewer (1/1)
 Temple: D:4-7

Altars:
Trog

Shops:
D:2 [

Annotations:
D:1 exclusion: orb of fire
D:2 Terence Sewer Grinder


Innate Abilities, Weirdness & Mutations

You cannot be hasted, slowed, berserked, paralysed or teleported.
You can dig through walls and to a lower floor.
You have a pair of large antennae on your head. (SInv)
Your four strong arms can wield two-handed weapons with a shield.
Your flesh is heat resistant. (rF+)
You are very robust. (+20% HP)
You passively dampen the noise of your surroundings.


Message History

Aiming: Searing Ray (safe; 2% risk of failure)
Press: ? - help, Shift-Dir - straight line, f/p - Grinder
Aim: Grinder, carrying a wand of light (11) (moderately wounded, 75% to hit)
The searing ray hits Grinder.
Grinder is heavily wounded. (Press . to maintain the ray.) Grinder zaps a wand.
The bolt of light hits you!
You are confused.
You enter the shallow water.
Moving in this stuff is going to be slow.
Okay, then.
It was a potion of haste.
Your stasis prevents you from being hasted.
You feel less confused.
Grinder zaps a wand.
The bolt of light hits you!
You are confused.
It was a potion of brilliance.
You feel clever all of a sudden. Grinder gestures at you.
Your stasis prevents you from being paralysed.
It was a potion of mutation.
You feel extremely strange.
You feel robust.
You feel your surroundings grow quieter.
You feel resistant to heat.
You feel robust.
You feel less confused.
Casting: Searing Ray (safe; 2% risk of failure)
Confirm with . or Enter, or press ? or * to list all spells.
Aiming: Searing Ray (safe; 2% risk of failure)
Press: ? - help, Shift-Dir - straight line, f/p - Grinder
Aim: Grinder, carrying a wand of light (9) (heavily wounded, 78% to hit)
You feel a surge of power!
The searing ray misses Grinder. (Press . to maintain the ray.) Grinder zaps a wand.
The bolt of light hits you!
You die...

#############
≈≈≈≈≈≈≈.÷)).≈#
≈~≈≈≈≈≈≈≈≈≈≈≈≈≈≈≈5#)~≈#
≈≈≈≈≈≈≈≈≈≈≈≈≈≈≈~@.#..≈#
~~≈≈≈≈≈≈≈≈≈≈≈≈≈≈~.#§~≈#
~≈≈≈≈≈≈≈≈≈≈≈≈~≈~..#)~≈# ~
~≈≈~≈≈≈≈≈~≈≈...#.~~#
≈####≈##≈##≈###.####(##
..#............÷≈≈#...#
~..............≈≈≈≈...'.
~.#......)......≈≈#...#.5.
..####~#≈~###≈#.####.###..§


You could see Grinder.

Vanquished Creatures
  A kobold brigand (Sewer)
  A hound (D:4)
  2 quasits (Sewer)
  An adder (D:4)
  A shadow imp (Sewer)
  7 ufetubi (Sewer)
  A worm (D:2)
  3 dart slugs
  2 orcs
  4 ball pythons
  12 bats
  7 endoplasms
  11 giant cockroaches
  5 goblins
  9 hobgoblins
  2 jackals (D:3)
  13 kobolds
  5 quokkas
  3 frilled lizards
  A kobold zombie (Sewer)
  5 rats
96 creatures vanquished.

Vanquished Creatures (others)
  3 endoplasms (Sewer)
  2 kobold zombies (Sewer)
5 creatures vanquished.

Grand Total: 101 creatures vanquished

Notes
Turn   | Place    | Note
-------+----------+-------------------------------------------
     0 | D:1      | DildoBatman the Formicid Conjurer began the quest for the
                  | Orb.
     0 | D:1      | Reached XP level 1. HP: 13/13 MP: 3/3
     0 | D:1      | Noticed an iron dragon
     0 | D:1      | Noticed an orb of fire
     1 | D:1      | Noticed a large abomination
     1 | D:1      | Noticed a tentacled monstrosity
     2 | D:1      | Noticed a tentacled monstrosity
     4 | D:1      | Noticed a large abomination
     6 | D:1      | Noticed an ice dragon
     7 | D:1      | Noticed a large abomination
     8 | D:1      | Noticed an orb of fire
    10 | D:1      | Noticed an orb of fire
    12 | D:1      | Noticed a black draconian
    14 | D:1      | Noticed an orb of fire
    14 | D:1      | Noticed a golden dragon
    14 | D:1      | Noticed a large abomination
    16 | D:1      | Noticed an iron dragon
    18 | D:1      | Noticed a shadow dragon
    18 | D:1      | Noticed a green draconian
    20 | D:1      | Noticed a tentacled monstrosity
   201 | D:1      | Reached XP level 2. HP: 20/20 MP: 0/5
   204 | D:1      | Learned a level 2 spell: Searing Ray
   471 | D:1      | Reached skill level 1 in Armour
   598 | D:1      | Reached skill level 1 in Fighting
   629 | D:1      | Reached XP level 3. HP: 26/26 MP: 2/6
  1271 | D:2      | Reached XP level 4. HP: 29/32 MP: 6/8
  1383 | D:2      | Noticed Terence
  1430 | D:2      | Found Awnutyn's Armour Shoppe.
  1517 | D:2      | Reached skill level 4 in Conjurations
  1984 | D:3      | Found a bloodstained altar of Trog.
  2554 | D:4      | Reached XP level 5. HP: 36/38 MP: 3/9
  2618 | D:4      | Noticed a phantom
  2714 | D:4      | Found a glowing drain.
  2718 | Sewer    | Entered a sewer
  3030 | Sewer    | Noticed Grinder
  3078 | Sewer    | Reached XP level 6. HP: 44/46 MP: 2/11
  3590 | Sewer    | Gained mutation: You are robust. (+10% HP) [potion of
                  | mutation]
  3590 | Sewer    | Gained mutation: You passively dampen the noise of your
                  | surroundings. [potion of mutation]
  3590 | Sewer    | Gained mutation: Your flesh is heat resistant. (rF+)
                  | [potion of mutation]
  3590 | Sewer    | Gained mutation: You are very robust. (+20% HP) [potion of
                  | mutation]
  3591 | Sewer    | Killed from afar by Grinder

Illustrated notes

Levels and vault maps discovered:
D:1:      shiori_arrival_whats_in_store_for_you, layout_loops_corners
D:2:      layout_loops_cross, serial_shops, nicolae_shop_advertising_works
          [nicolae_subvault_shop_adworks], kennysheep_pointless_box,
          small_statue_intersection, uniq_terence
D:3:      layout_loops_cross, bloody_trog
D:4:      layout_loops_corners, gup_sewer_entry_bowl, serial_shops,
          shop_fountains, minmay_manual_macuahuitl, uniq_ijyb
Sewer:    kennysheep_sewer_church

Skill      XL: |  1  2  3  4  5  6 |
---------------+-------------------+-----
Dodging        | 2 |  2.0
Armour         | 1 2 3 |  3.0
Fighting       | 1 2 3 |  3.0
Conjurations   | 4 |  4.8
Spellcasting   | 3 |  3.8
Stealth        | |  2.4

Action                   |  1- 3 |  4- 6 || total
-------------------------+-------+-------++-------
Melee: Short sword       |     3 |       ||     3
       Falchion          |    10 |     1 ||    11
 Fire: Sling             |       |    73 ||    73
Throw: Dart              |       |     1 ||     1
 Cast: Magic Dart        |    45 |    18 ||    63
       Searing Ray       |     6 |    27 ||    33
  Use: Scroll            |       |     3 ||     3
       Potion            |       |     3 ||     3
 Stab: Sleeping          |     2 |       ||     2
Armor: Robe              |     4 |    30 ||    34
Dodge: Dodged            |    13 |    57 ||    70
